 Dungeon Crawl Stone Soup version 0.28-a0-794-gafe8c5f9e9 (webtiles) character file.

Game seed: 847394277898953531

49283 kae the Convoker (level 14, -4/96 HPs)
             Began as a Tengu Summoner on Nov 5, 2021.
             Was an Elder of Ashenzari.
             Killed by an exploding themself (37 damage)
             ... ignited by their inner flame
             ... on level 11 of the Dungeon.
             The game lasted 00:29:17 (27670 turns).

kae the Convoker (Tengu Summoner)                  Turns: 27670, Time: 00:29:18

Health: -4/96      AC: 10    Str:  9    XL:     14   Next: 50%
Magic:  20/33      EV: 31    Int: 21    God:    Ashenzari [****..]
Gold:   701        SH:  0    Dex: 27    Spells: 22/41 levels left

rFire   . . .      SeeInvis +   x - +7 morningstar of Ashenzari's Visionary {elec, rPois Dex+7 Stlth-, Comp, Self} (curse)
rCold   x . .      Faith    .   (no shield)
rNeg    . . .      Spirit   .   I - +4 ring mail of Star-Bound Wisdom {rC- Will+ Dex+6, Comp, Melee} (curse)
rPois   +          Reflect  .   t - +1 hat of the Fated Omen {Cun, Elem} (curse)
rElec   .          Harm     .   (no cloak)
rCorr   .          Rampage  .   (no gloves)
Will    ++...      Clarity  +   (boots unavailable)
Stlth   ++........              c - amulet "Gnostic Scepticism" {RegenMP, Self, Fort} (curse)
HPRegen 0.26/turn               e - ring "I Knew You'd Do That" {EV+4, Cun, Comp} (curse)
MPRegen 0.48/turn               h - ring "Augurer of Ashenzari" {rPois, Range, Comp} (curse)

@: flying quickly and evasively, quick
A: beak, talons 3, nimble flight
a: Renounce Religion, Curse Item, Shatter the Chains


You were on level 11 of the Dungeon.
You worshipped Ashenzari.
Ashenzari was greatly pleased with you.
You visited 3 branches of the dungeon, and saw 18 of its levels.

You collected 1073 gold pieces.
You spent 372 gold pieces at shops.

Inventory:

Hand Weapons
 b - a +2 spectral short sword
 x - the cursed +7 morningstar of Ashenzari's Visionary (weapon) {elec, rPois Dex+7 Stlth-, Comp, Self}
   (You found it on level 11 of the Dungeon)

   It occasionally discharges a powerful burst of electricity upon striking a
   foe.
   Dex:       It affects your dexterity (+7).
   rPois:     It protects you from poison.
   Stlth:     It makes you less stealthy.
   It has a curse which improves the following skills: Companions: Summonings
   and Necromancy.
   Introspection: Fighting and Spellcasting.
Missiles
 r - 3 throwing nets
Armour
 t - the cursed +1 hat of the Fated Omen (worn) {Cun, Elem}
   (You found it on level 9 of the Dungeon)

   It has a curse which improves the following skills: Cunning: Dodging and
   Stealth.
   Elements:  Fire Magic, Ice Magic, Air Magic and Earth Magic.
 I - the cursed +4 ring mail of Star-Bound Wisdom (worn) {rC- Will+ Dex+6, Comp, Melee}
   (You found it on level 4 of the Lair of Beasts)

   Dex:       It affects your dexterity (+6).
   rC:        It makes you vulnerable to cold.
   Will:      It increases your willpower.
   It has a curse which improves the following skills: Companions: Summonings
   and Necromancy.
   Melee Combat: Short Blades, Long Blades, Axes, Maces & Flails, Polearms,
   Staves and Unarmed Combat.
Jewellery
 a - an amulet of reflection
 c - the cursed amulet "Gnostic Scepticism" (around neck) {RegenMP, Self, Fort}
   (You found it on level 1 of the Dungeon)

   [amulet of magic regeneration]

   It increases your rate of magic regeneration.
   It has a curse which improves the following skills: Introspection: Fighting
   and Spellcasting.
   Fortitude: Armour and Shields.
 e - the cursed ring "I Knew You'd Do That" (left hand) {EV+4, Cun, Comp}
   (You found it on level 1 of the Dungeon)

   [ring of evasion]

   EV:        It affects your evasion (+4).
   It has a curse which improves the following skills: Cunning: Dodging and
   Stealth.
   Companions: Summonings and Necromancy.
 h - the cursed ring "Augurer of Ashenzari" (right hand) {rPois, Range, Comp}
   (You found it on level 8 of the Dungeon)

   [ring of poison resistance]

   rPois:     It protects you from poison.
   It has a curse which improves the following skills: Ranged Combat: Slings,
   Bows, Crossbows and Throwing.
   Companions: Summonings and Necromancy.
 q - a ring of see invisible
 B - a ring of wizardry
 D - a ring of wizardry
 E - a ring of resist corrosion
 F - a ring of ice
Wands
 j - a wand of iceblast (11)
 l - a wand of flame (57)
 n - a wand of polymorph (8)
 v - a wand of mindburst (17)
 A - a wand of acid (9)
 H - a wand of digging (4)
Scrolls
 k - 3 scrolls of fog
 y - 2 scrolls of enchant weapon
 z - a scroll of magic mapping
 G - a scroll of enchant armour
 J - 2 scrolls of fear
 K - a scroll of blinking
 L - a scroll of amnesia
Potions
 d - 8 potions of ambrosia
 f - a potion of magic
 g - 8 potions of curing
 i - a potion of brilliance
 m - 2 potions of cancellation
 o - 5 potions of haste
 p - 5 potions of heal wounds
 s - 5 potions of might
 u - 2 potions of berserk rage
 w - 3 potions of mutation
 C - 2 potions of resistance


   Skills:
 + Level 11.3(14.9) Fighting
 + Level 12.5(16.0) Dodging
 - Level 2.0(4.6) Stealth
 + Level 10.7(14.2) Spellcasting
 * Level 19.0(24.5) Summonings


You had 22 spell levels left.
You knew the following spells:

 Your Spells              Type           Power      Damage    Failure   Level
a - Summon Cactus Giant   Summ           43%        N/A       1%          6
b - Summon Lightning Spi  Summ/Air       61%        N/A       1%          4
c - Summon Guardian Gole  Hex/Summ       61%        N/A       1%          3
d - Call Canine Familiar  Summ           87%        N/A       0%          3
e - Call Imp              Summ           87%        N/A       0%          2
f - Summon Small Mammal   Summ           100%       N/A       0%          1

Your spell library contained the following spells:

 Spells                   Type           Power      Damage    Failure   Level
 Animate Armour           Summ/Erth      100%       N/A       1%          4
 Animate Skeleton         Necr           36%        N/A       9%          1
 Pain                     Necr           72%        1d7       9%          1
 Foxfire                  Conj/Fire      60%        2x1d7     11%         1
 Beastly Appendage        Tmut           28%        N/A       12%         1
 Scorch                   Fire           32%        2d7       16%         2
 Passwall                 Tmut/Erth      12%        N/A       17%         2
 Wereblood                Tmut           14%        N/A       19%         2
 Vampiric Draining        Necr           18%        2d7       24%         3
 Ozocubu's Armour         Ice            16%        N/A       30%         3
 Swiftness                Air            16%        N/A       30%         3
 Conjure Flame            Conj/Fire      15%        6-21      32%         3
 Inner Flame              Hex/Fire       15%        N/A       32%         3
 Gell's Gravitas          Tloc           14%        N/A       34%         3
 Ignite Poison            Fire/Tmut/Pois 15%        N/A       34%         3
 Lesser Beckoning         Tloc           14%        N/A       34%         3
 Portal Projectile        Hex/Tloc       28%        N/A       34%         3
 Spider Form              Tmut/Pois      14%        N/A       34%         3
 Teleport Other           Tloc           14%        N/A       34%         3
 Flame Wave               Conj/Fire      15%        3d5       73%         4
 Petrify                  Tmut/Erth      15%        N/A       73%         4
 Sticky Flame             Conj/Fire      15%        2d4       73%         4
 Blade Hands              Tmut           7%         N/A       97%         5
 Metabolic Englaciation   Hex/Ice        7%         N/A       97%         5
 Invisibility             Hex            7%         N/A       100%        6
 Iron Shot                Conj/Erth      7%         9d2       100%        6
 Simulacrum               Ice/Necr       8%         N/A       100%        6
 Statue Form              Tmut/Erth      10%        N/A       100%        6


Dungeon Overview and Level Annotations

Branches:
Dungeon (11/15)            Temple (1/1) D:7            Lair (6/6) D:10
 Shoals (0/4) Lair:3       Spider (0/4) Lair:3        Slime (0/5) Lair:6
    Orc: D:9-12

Altars:
Ashenzari
Cheibriados
Dithmenos
Elyvilon
Fedhas
Gozag
Hepliaklqana
Kikubaaqudgha
Makhleb
Nemelex Xobeh
Okawaru
Qazlal
Ru
Sif Muna
Trog
Uskayaw
Vehumet
Wu Jian
Xom
Yredelemnul
Zin
The Shining One
Jiyva

Shops:
D:3 *   D:8 :


Innate Abilities, Weirdness & Mutations

You have a beak for a mouth.
You have claws for feet.
Your magical nature lets you fly swiftly and evasively.


Message History

Your warg dies!
Your warg's corpse disappears in a puff of smoke!
Flame seeps out of your guardian golem.
Your rat barely misses the deep troll earth mage.
Your guardian golem is engulfed in blazing flames.
Flame seeps out of your guardian golem.
Your crimson imp hits the deep troll earth mage but does no damage.
Your cactus giant closely misses the deep troll earth mage.
The deep troll earth mage closely misses you.
The deep troll earth mage completely misses you.
The deep troll earth mage misses you.
Your rat bites the deep troll earth mage but does no damage.
You puncture the deep troll earth mage!
You claw the deep troll earth mage, but do no damage.
The deep troll earth mage is severely wounded.
Your lightning spire disappears in a puff of smoke!
Your crimson imp barely misses the deep troll earth mage.
The deep troll earth mage barely misses you.
The deep troll earth mage closely misses you.
The deep troll earth mage completely misses you.
Your quokka barely misses the deep troll earth mage.
Your rat completely misses the deep troll earth mage.
Your guardian golem is engulfed in blazing flames.
Flame seeps out of your guardian golem.
Your crimson imp hits the deep troll earth mage but does no damage.
The deep troll earth mage points next to you and mumbles some strange words.
The wall shatters!
The blast of rock fragments hits your cactus giant!!
The blast of rock fragments hits you!!
Your guardian golem disappears in a puff of smoke!
Your guardian golem explodes!
The fiery explosion engulfs your crimson imp.
Your crimson imp completely resists.
The fiery explosion engulfs your quokka!!
Your quokka dies!
Your quokka's corpse disappears in a puff of smoke!
The fiery explosion engulfs the deep troll earth mage!!!
The deep troll earth mage dies!
The fiery explosion engulfs you!!!
You die...

#.# ####.######.## #.##.# #.#
#.......###.## #.##.# #.#
#.##.##.###.## #.##.# #.#
#.##.##.##..### #.##.# #.#
#.##.##.......# #.##.#
#.###.##.#......#.# #.##.#
##.#...##.#.###§##.# #.##.##
#.............§°.§.# #.##...
#...........#.5†@#.#### #.#####
#.............r.C.....# #.#
#...........##...#.##.# #.#####
...................##h# #.#....
........#......[#..##.#####.#.###
..........#######..##.........# #
.....)####### #..########.### #
....<.......# #..########.# #
.....######.# #...........# #


You could see a friendly cactus giant (summoned, sheltered), a friendly crimson
imp (summoned, sheltered) and a friendly rat (summoned, sheltered).

Vanquished Creatures
  A hydra (Lair:5)
  2 death yaks
  A merfolk siren (Lair:3)
  A cyclops (D:11)
  3 cane toads
  5 black mambas
  Maggie (D:6)
  2 rime drakes (Lair:6)
  3 komodo dragons
  Prince Ribbit (D:9)
  11 blink frogs
  3 dream sheep (Lair:6)
  2 shadows
  2 wyverns
  11 yaks
  A steam dragon (Lair:2)
  Edmund (D:6)
  8 water moccasins
  A hornet zombie (D:7)
  An ice beast (D:5)
  A black bear (Lair:3)
  4 wolves (Lair:1)
  A centaur (D:9)
  2 lemures (D:8)
  A phantom (D:5)
  A kobold brigand (D:10)
  6 bullfrogs
  4 scorpions
  10 killer bees
  2 howler monkeys
  A wight (D:9)
  An electric eel (Lair:3)
  2 centaur zombies
  A jelly (D:4)
  An orc priest (D:7)
  A gnoll shaman (D:7)
  2 hounds (D:4)
  2 bullfrog skeletons (D:6)
  2 iguanas
  5 orc wizards (D:5)
  A scorpion zombie (D:5)
  A killer bee zombie (D:8)
  A hound skeleton (D:5)
  4 howler monkey zombies
  10 adders
  2 gnolls
  A howler monkey skeleton (D:4)
  An ufetubus (D:5)
  An adder skeleton (D:4)
  2 worms
  2 dart slugs
  7 orcs
  12 endoplasms
  3 giant cockroaches
  5 hobgoblins
  4 quokkas
  A ball python (D:3)
  2 bats
  5 frilled lizards
  4 goblins
  9 kobolds
  A quokka skeleton (D:4)
  7 rats
197 creatures vanquished.

Vanquished Creatures (collateral kills)
  Nessos (Lair:5)
  4 hydras
  4 catoblepae
  2 two-headed ogres
  4 death yaks
  Urug (D:11)
  Pikel (D:8)
  A lindwurm (Lair:6)
  A deep elf pyromancer (D:11)
  3 oklob plants
  A cyclops (D:11)
  An elephant (Lair:6)
  3 black mambas
  2 torpor snails (Lair:6)
  3 cane toads
  5 rime drakes
  3 komodo dragons
  A demonic crawler (Lair:3)
  A polar bear (Lair:5)
  2 trolls (D:11)
  A hornet (D:10)
  18 blink frogs
  6 dream sheep (Lair:6)
  29 yaks
  A wyvern (Lair:4)
  Grum (Lair:1)
  3 basilisks
  9 water moccasins
  A black bear (D:6)
  16 wolves (Lair:1)
  A sky beast (D:8)
  4 ogres
  5 bullfrogs
  A scorpion (Lair:3)
  A wyvern skeleton (D:6)
  6 killer bees
  5 wights
  An electric eel (Lair:3)
  4 jellies
  An orc priest (D:7)
  Terence (D:2)
  An iguana (D:7)
  4 orc wizards
  A howler monkey zombie (D:5)
  A gnoll (D:7)
  2 adders
  An ufetubus (D:5)
  An adder skeleton (D:5)
  3 worms
  2 dart slugs
  6 orcs
  3 endoplasms
  2 giant cockroaches
  3 hobgoblins
  7 kobolds
  A quokka (D:4)
  3 ball pythons
  A frilled lizard (D:1)
  5 goblins
  A rat (D:1)
207 creatures vanquished.

Vanquished Creatures (others)
  2 hydras
  A deep troll earth mage (D:11)
  2 manticores (Lair:6)
  An elephant (Lair:6)
  A yak (Lair:4)
  24 fungi
  38 plants
  9 toadstools (D:2)
78 creatures vanquished.

Grand Total: 482 creatures vanquished

Notes
Turn   | Place    | Note
-------+----------+-------------------------------------------
     0 | D:1      | kae the Tengu Summoner began the quest for the Orb.
     0 | D:1      | Reached XP level 1. HP: 10/10 MP: 4/4
   449 | D:1      | Reached skill level 5 in Summonings
   539 | D:1      | Reached XP level 2. HP: 2/16 MP: 4/6
  1566 | D:1      | Reached XP level 3. HP: 17/20 MP: 5/7
  1569 | D:1      | Learned a level 2 spell: Call Imp
  1573 | D:1      | Learned a level 3 spell: Call Canine Familiar
  1633 | D:1      | Reached skill level 1 in Fighting
  2060 | D:1      | Found a faded altar of an unknown god.
  2488 | D:2      | Noticed Terence
  2507 | D:2      | Killed Terence
  2508 | D:2      | Reached XP level 4. HP: 14/25 MP: 3/8
  3123 | D:2      | Reached skill level 6 in Summonings
  3123 | D:2      | Gained mutation: Your magical nature lets you fly swiftly
                  | and evasively. [Tengu growth]
  3123 | D:2      | Reached XP level 5. HP: 12/30 MP: 8/10
  3974 | D:3      | Found Xohul's Assorted Antiques.
  3987 | D:3      | Bought an amethyst potion for 17 gold pieces
  3987 | D:3      | Bought a bubbling dark potion for 17 gold pieces
  3987 | D:3      | Bought a scroll labelled GAMOETI EHIESO for 19 gold pieces
  3987 | D:3      | Bought a scroll labelled OZAURE TOUCSA for 19 gold pieces
  4105 | D:3      | Found a sacrificial altar of Ru.
  4133 | D:3      | Reached XP level 6. HP: 16/36 MP: 5/11
  4878 | D:4      | Reached skill level 7 in Summonings
  5217 | D:4      | Reached XP level 7. HP: 27/41 MP: 11/13
  5603 | D:4      | Noticed a +0 hand axe
  5604 | D:4      | Noticed a +0 hand axe
  5605 | D:4      | Found a hide-covered altar of Uskayaw.
  5675 | D:4      | Found a snail-covered altar of Cheibriados.
  5680 | D:4      | Found a blossoming altar of Fedhas.
  5973 | D:5      | Entered Level 5 of the Dungeon
  6113 | D:5      | Reached skill level 8 in Summonings
  6402 | D:5      | Reached XP level 8. HP: 39/48 MP: 15/15
  6605 | D:5      | Reached skill level 5 in Dodging
  6829 | D:5      | Found a shimmering blue altar of Sif Muna.
  6830 | D:5      | Found a sparkling altar of Nemelex Xobeh.
  6831 | D:5      | Found a shimmering altar of Xom.
  6901 | D:5      | Reached skill level 9 in Summonings
  7590 | D:6      | Got Sif Muna's Papyrus of Mutagenic Execration
  7631 | D:6      | Noticed Edmund
  7650 | D:6      | Killed Edmund
  7651 | D:6      | Reached XP level 9. HP: 37/53 MP: 17/17
  7815 | D:6      | Reached skill level 5 in Spellcasting
  7847 | D:6      | Reached skill level 5 in Fighting
  7848 | D:6      | Reached skill level 10 in Summonings
  7858 | D:6      | Noticed Maggie
  7875 | D:6      | Killed Maggie
  9875 | D:7      | Reached skill level 11 in Summonings
  9884 | D:7      | Found a staircase to the Ecumenical Temple.
  9935 | Temple   | Entered the Ecumenical Temple
 10245 | Temple   | Became a worshipper of Ashenzari the Shackled
 10858 | D:8      | Found Quepp's Book Shoppe.
 10923 | D:8      | Reached XP level 10. HP: 60/60 MP: 17/20
 11372 | D:8      | Noticed Pikel
 11430 | D:8      | Killed Pikel
 11681 | D:8      | Reached skill level 12 in Summonings
 12402 | D:9      | Found an opulent altar of Gozag.
 12922 | D:9      | Noticed Prince Ribbit
 12933 | D:9      | Killed Prince Ribbit
 12934 | D:9      | Reached skill level 13 in Summonings
 13345 | D:9      | Reached XP level 11. HP: 38/66 MP: 17/22
 13678 | D:10     | Entered Level 10 of the Dungeon
 13842 | D:10     | Paralysed by a hornet for 3 turns
 14114 | D:10     | Noticed an oklob plant
 14179 | D:10     | Noticed a two-headed ogre
 14189 | D:10     | Killed a two-headed ogre
 14487 | D:10     | Found a staircase to the Lair.
 14790 | D:10     | Reached * piety under Ashenzari
 14972 | D:11     | HP: 3/69 [troll (13)]
 15313 | D:11     | Noticed Urug
 15393 | D:11     | Identified the +7 morningstar of Uzimulov {elec, rPois
                  | Dex+7 Stlth-}
 15500 | D:11     | Noticed a cyclops
 15504 | D:11     | Noticed a catoblepas
 15508 | D:11     | Noticed a cyclops
 15514 | D:11     | Noticed a catoblepas
 16032 | D:10     | Learned a level 3 spell: Summon Guardian Golem
 16037 | D:10     | Learned a level 4 spell: Summon Lightning Spire
 16037 | D:10     | Identified the +0 cloak "Fautaull" {Str+6 Stlth+}
 16126 | D:8      | Bought a book of Scorching for 300 gold pieces
 16133 | D:8      | Learned a level 6 spell: Summon Cactus Giant
 16322 | D:11     | Killed a cyclops
 16348 | D:11     | Noticed a two-headed ogre
 16361 | D:11     | Killed a two-headed ogre
 16398 | D:11     | Killed Urug
 16399 | D:11     | Reached skill level 14 in Summonings
 16637 | D:11     | Noticed a deep elf pyromancer
 16640 | D:11     | Noticed a cyclops
 16671 | D:11     | Killed a cyclops
 16699 | D:11     | Killed a catoblepas
 16703 | D:11     | Killed a deep elf pyromancer
 16793 | D:11     | Noticed a manticore
 16798 | D:11     | Noticed a deep troll earth mage
 17035 | D:10     | Killed an oklob plant
 17081 | Lair:1   | Entered Level 1 of the Lair of Beasts
 17161 | Lair:1   | Noticed a four-headed hydra
 17176 | Lair:1   | Killed a four-headed hydra
 17394 | Lair:1   | Reached XP level 12. HP: 76/76 MP: 18/26
 17463 | Lair:1   | Reached ** piety under Ashenzari
 17497 | Lair:1   | Reached skill level 15 in Summonings
 17652 | Lair:1   | Noticed Grum
 17664 | Lair:1   | Killed Grum
 18121 | Lair:1   | Reached skill level 10 in Dodging
 18653 | Lair:2   | Reached *** piety under Ashenzari
 19006 | Lair:2   | Found a broken altar of Ashenzari.
 19868 | Lair:3   | Reached skill level 16 in Summonings
 19871 | Lair:3   | Found a hole to the Spider Nest.
 19989 | Lair:3   | Found a staircase to the Shoals.
 21216 | Lair:4   | Noticed a death yak
 21219 | Lair:4   | Noticed a death yak
 21220 | Lair:4   | Noticed a death yak
 21289 | Lair:3   | Killed a death yak
 21290 | Lair:3   | Reached XP level 13. HP: 51/88 MP: 31/31
 22140 | Lair:4   | Identified the +4 ring mail of Moloid {rC- Will+ Dex+6}
 22490 | Lair:4   | Reached skill level 17 in Summonings
 22499 | Lair:4   | Reached skill level 10 in Fighting
 23449 | Lair:4   | Identified the +6 chain mail of the New World {Str+2}
 24448 | Lair:5   | Noticed Nessos
 24462 | Lair:5   | Killed Nessos
 24670 | Lair:5   | Reached skill level 10 in Spellcasting
 25128 | Lair:6   | Entered Level 6 of the Lair of Beasts
 25206 | Lair:6   | Reached skill level 18 in Summonings
 25561 | Lair:6   | Found a viscous altar of Jiyva.
 25564 | Lair:6   | Found a staircase to the Slime Pits.
 25606 | Lair:6   | Reached XP level 14. HP: 95/95 MP: 20/32
 25735 | Lair:6   | Reached **** piety under Ashenzari
 27364 | Lair:6   | Reached skill level 19 in Summonings
 27670 | D:11     | Killed by an exploding themself... ignited by their inner
                  | flame

Illustrated notes

Levels and vault maps discovered:
D:1:      dpeg_arrival_radiant, layout_rooms,
          hellmonk_ecumenical_altar_inner_sanctum
D:2:      cheibrodos_fertilizer, layout_rooms, uniq_terence
D:3:      layout_basic, nicolae_ru_great_annihilating_truth, serial_glass,
          glass_columns_b, glass_columns_b, glass_columns_a, glass_columns_b,
          glass_columns_a, glass_columns_b, serial_shops, shop_fountains,
          minmay_box_of_dots
D:4:      layout_cave_pods, dancing_weapons_uskayaw, grunt_temple_overflow_open,
          minmay_ruptured
D:5:      layout_rooms, chequers_temple_overflow_statue_of_worship, minmay_bent
D:6:      layout_gridville, uniq_edmund, uniq_maggie
D:7:      layout_basic, minmay_temple_entry_slanted
D:8:      layout_basic, serial_shops, shop_statue, minmay_between, uniq_pikel
D:9:      layout_loops_ring, mainiacjoe_overflow_24_doors,
          hangedman_glass_garden, uniq_prince_ribbit1
D:10:     layout_loops_ring, dpeg_oklobed_lair
D:11:     minmay_tearing_corner, layout_loops_ring, uniq_urug
Temple:   nicolae_temple_great_sept
Lair:1:   layout_regular_city, guppyfry_lair_drakes, uniq_grum
Lair:2:   layout_regular_city, basic_altar, serial_bayou_pond_c,
          chequers_serial_rivers_micro_b, disabler_island, lemuel_fruit_fields
Lair:3:   layout_cave_pods, minmay_shoals_entry_lonely_mermaid,
          nicolae_spider_entry_non_spiders, serial_bayou_shore_a,
          lemuel_fruit_tree
Lair:4:   layout_regular_city, serial_bayou_pond_d, infiniplex_staircase_pool_2
Lair:5:   layout_cave_shapes, chequers_serial_rivers_marsh, st_stairs_11,
          serial_bayou_shore_b, grunt_megastairs_4, uniq_nessos
Lair:6:   hangedman_lair_in_review, layout_regular_city, slime_altar_1,
          hangedman_lair_unloving_vines, serial_bayou_pond_d

Skill      XL: |  1  2  3  4  5  6  7  8  9 10 11 12 13 14 |
---------------+-------------------------------------------+-----
Summonings     | 5 6 7 8 9 11 13 14 16 18 19 | 19.0
Fighting       | 1 2 3 4 6 7 8 9 10 11 | 11.3
Dodging        | 3 4 5 7 8 9 10 11 12 | 12.5
Spellcasting   | 3 4 6 7 8 9 10 | 10.7
Stealth        | |  2.0

Action                   |  1- 3 |  4- 6 |  7- 9 | 10-12 | 13-15 || total
-------------------------+-------+-------+-------+-------+-------++-------
Melee: Unarmed           |    13 |       |    23 |       |       ||    36
       Short sword       |    61 |   149 |   162 |   153 |       ||   525
       Kick              |    13 |    37 |    38 |    81 |    38 ||   207
       Peck              |    10 |    15 |    19 |    47 |    22 ||   113
       Morningstar       |       |       |       |   130 |   111 ||   241
 Cast: Summon Small Mamm |    35 |     3 |    34 |    12 |    18 ||   102
       Call Imp          |     2 |    24 |    21 |    13 |    18 ||    78
       Call Canine Famil |     2 |    13 |    40 |    35 |    24 ||   114
       Summon Lightning  |       |       |       |    35 |    54 ||    89
       Summon Cactus Gia |       |       |       |    36 |    54 ||    90
       Summon Guardian G |       |       |       |    12 |    47 ||    59
Invok: Curse Item        |       |       |       |     5 |     2 ||     7
       Shatter the Chain |       |       |       |       |     1 ||     1
  Use: Scroll            |     1 |     9 |    11 |     5 |     1 ||    27
       Potion            |       |       |     1 |     2 |       ||     3
 Stab: Sleeping          |       |     2 |     1 |     1 |       ||     4
       Distracted        |       |     1 |     5 |     4 |     3 ||    13
       Petrified         |       |       |       |       |     1 ||     1
Armor: Robe              |    16 |    22 |    22 |    26 |     4 ||    90
       Skin              |       |       |    92 |       |       ||    92
       Ring mail         |       |       |       |       |    35 ||    35
Dodge: Dodged            |    70 |   178 |   183 |   377 |   403 ||  1211

Table legend: (Time is in decaauts)
 A = Elapsed time spent in this place.
 B = Non-inter-level travel time spent in this place.
 C = Inter-level travel time spent in this place.
 D = Time resting spent in this place.
 E = Time spent auto-exploring this place.
 F = Levels seen in this place.
 G = Mean time per level.
                   A        B        C        D        E       F      G
               +--------+--------+--------+--------+--------+-----+--------+
         Total |  26765 |  25725 |   1040 |   3501 |  17987 |  18 | 1486.9 |
       Dungeon |  16221 |  15476 |    745 |   1997 |  10898 |  11 | 1474.6 |
        Temple |    312 |    289 |     23 |    217 |     56 |   1 |  312.0 |
          Lair |  10231 |   9960 |    271 |   1286 |   7032 |   6 | 1705.2 |
               +--------+--------+--------+--------+--------+-----+--------+

Top non-repeatable levels by time:
  Lair:6: 2383 daAuts
     D:1: 2312 daAuts
  Lair:4: 1944 daAuts
  Lair:3: 1926 daAuts
     D:7: 1777 daAuts
    D:11: 1698 daAuts
     D:6: 1607 daAuts
  Lair:2: 1515 daAuts
    D:10: 1471 daAuts
     D:4: 1330 daAuts
  Lair:5: 1301 daAuts
     D:5: 1299 daAuts
     D:9: 1260 daAuts
     D:8: 1236 daAuts
  Lair:1: 1160 daAuts
